 Dungeon Crawl Stone Soup version 0.29-a0-322-g68df515428 (webtiles) character file.

Game seed: 17789857836641842714

181033 enile the Fetichist (level 18, -5/149 HPs)
             Began as a Djinni Fire Elementalist on Apr 8, 2022.
             Was an Elder of Ashenzari.
             Slain by a merfolk impaler
             ... wielding a +0 trident
              (9 damage)
             ... on level 4 of the Shoals.
             The game lasted 01:36:20 (32357 turns).

enile the Fetichist (Djinni Fire Elementalist)     Turns: 32357, Time: 01:36:21

Health: -5/149     AC:  8    Str:  9    XL:     18   Next: 57%
Gold:   2364       EV: 26    Int: 30    God:    Ashenzari [****..] SH:  0 Dex: 25

rFire   + . .      SeeInvis +   F - +7 staff of the Meek {protect, meekguard, Evo, Fort} (curse)
rCold   . . .      Faith    .   (shield currently unavailable)
rNeg    . . .      Spirit   .   D - +2 robe "Distant Doubts" {Archmagi, Self, Cun} (curse)
rPois   ∞          Reflect  .   O - +1 hat "Woely" {Int+3}
rElec   .          Harm     .   (no cloak)
rCorr   .          Rampage  .   S - +2 pair of gloves "Chained Together" {Dex+5, Fort, Self} (curse)
Will    ++++.      Archmagi +   (boots unavailable)
Stlth   ++++...... Clarity  +   y - amulet of the Prophetic Prison {Regen+, Cun, Evo} (curse)
HPRegen 1.14/turn               K - ring "Mantic Gnosis" {Dex+6, Range, Self} (curse)
MPRegen 0.00/turn               s - ring "Sim Vok" {Ice Will+++ Int+2 Dex+2 Slay-2}

@: flying
A: sickness immunity, fire resistance 2, cold vulnerability 1, float, innate
caster, HP casting, extra vitality 1, horns 1, clumsy 1, strong 1
}: 1/15 runes: barnacled
a: Renounce Religion, Curse Item, Shatter the Chains


You were on level 4 of the Shoals.
You worshipped Ashenzari.
Ashenzari was greatly pleased with you.
You visited 5 branches of the dungeon, and saw 28 of its levels.
You also visited: Bailey, Gauntlet and Ice Cave.

You collected 3190 gold pieces.
You spent 798 gold pieces at shops.
You donated 28 gold pieces to Zin.

Inventory:

Hand Weapons
 h - the +4 mace of Bur Nauppyi {vamp, rN+ Will+ Str+4}
   (You found it in a Gauntlet)

   It occasionally heals its wielder for a portion of the damage dealt when it
   wounds a living foe.
   Str:       It affects your strength (+4).
   rN:        It protects you from negative energy.
   Will:      It increases your willpower.
 x - a +2 scimitar of flaming
 F - the cursed +7 staff of the Meek (weapon) {protect, meekguard, Evo, Fort}
   (You took it off an orc priest on level 7 of the Dungeon)

   It grants its wielder temporary protection when it strikes (+7 to AC).
   It provides extra protection to wielders with little health.
   It has a curse which improves the following skills: Evocations: Evocations.
   Fortitude: Armour and Shields.
Armour
 A - an orb of wrath
 D - the cursed +2 robe "Distant Doubts" (worn) {Archmagi, Self, Cun}
   (You took it off Sigmund on level 4 of the Dungeon)

   It has a curse which improves the following skills: Introspection: Fighting
   and Spellcasting.
   Cunning:   Dodging and Stealth.
 E - the +4 leather armour of the Dungeon {Will+ Slay+5}
   (You found it on level 1 of the Lair of Beasts)

   Slay:      It affects your accuracy & damage with ranged weapons and melee
   (+5).
   Will:      It increases your willpower.
 O - the +1 hat "Woely" (worn) {Int+3}
   (You acquired it in an ice cave)

   Int:       It affects your intelligence (+3).
 R - the +4 robe of Folly {Brilliance Will-∞ Int+8}
   (You found it on level 4 of the Lair of Beasts)

   It increases the power of your magical spells.
   It halves the magic cost of your spells (rounding up).
   It reduces your willpower to zero.
   Int:       It affects your intelligence (+8).
 S - the cursed +2 pair of gloves "Chained Together" (worn) {Dex+5, Fort, Self}
   (You found it in a Gauntlet)

   Dex:       It affects your dexterity (+5).
   It has a curse which improves the following skills: Fortitude: Armour and
   Shields.
   Introspection: Fighting and Spellcasting.
Jewellery
 c - the ring "Cised" {rN+ rCorr MP+9 Dex+4}
   (You found it in a Gauntlet)

   [ring of positive energy]

   Dex:       It affects your dexterity (+4).
   rN:        It protects you from negative energy.
   MP:        It affects your magic capacity (+9).
   rCorr:     It protects you from acid and corrosion.
 p - the ring of Yxkyviad {Ice Fly Str-2 SInv}
   (You took it off a minotaur in a Gauntlet)

   [ring of ice]

   It enhances your ice magic.
   Str:       It affects your strength (-2).
   rF:        It makes you vulnerable to fire.
   rC:        It protects you from cold.
   SInv:      It lets you see invisible.
   Fly:       It grants you flight.
 s - the ring "Sim Vok" (right hand) {Ice Will+++ Int+2 Dex+2 Slay-2}
   (You took it off a reaper in an ice cave)

   [ring of ice]

   It enhances your ice magic.
   Int:       It affects your intelligence (+2).
   Dex:       It affects your dexterity (+2).
   Slay:      It affects your accuracy & damage with ranged weapons and melee
   (-2).
   rF:        It makes you vulnerable to fire.
   rC:        It protects you from cold.
   Will:      It greatly increases your willpower.
 y - the cursed amulet of the Prophetic Prison (around neck) {Regen+, Cun, Evo}
   (You found it on level 6 of the Dungeon)

   [amulet of regeneration]

   Regen:     It increases your rate of health regeneration.
   It has a curse which improves the following skills: Cunning: Dodging and
   Stealth.
   Evocations: Evocations.
 G - a ring of protection from cold
 I - the ring of Ohozalee {rElec Int+3 SInv Stlth+}
   (You bought it in a shop on level 2 of the Orcish Mines)

   [ring of see invisible]

   Int:       It affects your intelligence (+3).
   rElec:     It insulates you from electricity.
   SInv:      It lets you see invisible.
   Stlth:     It makes you more stealthy.
 K - the cursed ring "Mantic Gnosis" (left hand) {Dex+6, Range, Self}
   (You found it on level 1 of the Lair of Beasts)

   [ring of dexterity]

   Dex:       It affects your dexterity (+6).
   It has a curse which improves the following skills: Ranged Combat: Slings,
   Bows, Crossbows and Throwing.
   Introspection: Fighting and Spellcasting.
 M - an amulet of reflection
 T - a ring of wizardry
Wands
 f - a wand of paralysis (3)
 m - a wand of digging (2)
 t - a wand of mindburst (8)
 u - a wand of flame (40)
 V - a wand of polymorph (4)
 Y - a wand of acid (25)
Scrolls
 b - 12 scrolls of teleportation
 d - 3 scrolls of amnesia
 e - 3 scrolls of blinking
 j - 5 scrolls of magic mapping
 k - 5 scrolls of fog
 n - 3 scrolls of noise
 r - 3 scrolls of immolation
 B - a scroll of silence
 C - 3 scrolls of vulnerability
 H - 2 scrolls of enchant armour
 U - 2 scrolls of holy word
 W - 2 scrolls of enchant weapon
Potions
 g - 7 potions of degeneration
 i - 3 potions of might
 l - 9 potions of curing
 o - 8 potions of flight
 q - a potion of ambrosia
 v - 4 potions of cancellation
 w - 3 potions of mutation
 z - 2 potions of resistance
 L - 2 potions of brilliance
 N - 4 potions of berserk rage
 P - 2 potions of heal wounds
 Q - a potion of invisibility
 X - 3 potions of haste
Miscellaneous
 a - a phantom mirror
 J - a tin of tremorstones (1/2)
 Z - a lightning rod (4/4)


   Skills:
 - Level 16.2(20.0) Fighting
 - Level 12.1(15.0) Dodging
 - Level 4.1(6.8) Stealth
 + Level 16.2(19.9) Spellcasting
 - Level 17.2(20.0) Evocations


You had 13 spell levels left.
You knew the following spells:

 Your Spells              Type           Power      Damage    Failure   Level
a - Starburst             Conj/Fire      61%        6d16      1%          6
b - Iron Shot             Conj/Erth      61%        9d11      1%          6
c - Inner Flame           Hex/Fire       100%       N/A       0%          3
d - Foxfire               Conj/Fire      100%       2x1d9     0%          1
e - Flame Wave            Conj/Fire      100%       2d17      0%          4
f - Pain                  Necr           100%       1d9       0%          1
g - Call Imp              Summ           100%       N/A       0%          2
h - Mephitic Cloud        Conj/Pois/Air  100%       N/A       0%          3
i - Frozen Ramparts       Ice            100%       1d12      0%          3
j - Conjure Flame         Conj/Fire      100%       6-21      0%          3
k - Summon Mana Viper     Hex/Summ       100%       N/A       0%          5
l - Scorch                Fire           100%       2d10      0%          2
m - Iskenderun's Mystic   Conj/Tloc      100%       2d19      0%          4
Your spell library was empty.

Dungeon Overview and Level Annotations

Branches:
Dungeon (15/15)            Temple (1/1) D:5            Lair (6/6) D:11
 Shoals (4/4) Lair:2        Snake (0/4) Lair:3        Slime (0/5) Lair:5
    Orc (2/2) D:10            Elf (0/3) Orc:2        Vaults (0/5) D:14
 Depths (0/4) D:15         Bailey (visited)           IceCv (visited)
Gauntlet (visited)

Altars:
Ashenzari
Cheibriados
Dithmenos
Elyvilon
Fedhas
Gozag
Hepliaklqana
Kikubaaqudgha
Makhleb
Nemelex Xobeh
Okawaru
Qazlal
Ru
Sif Muna
Trog
Uskayaw
Vehumet
Wu Jian
Xom
Yredelemnul
Zin
The Shining One

Shops:
D:3 (   D:9 ?   Orc:2 =([(   Shoals:1 *

Annotations:
D:5 2 runed translucent doors, SirDiesAlot's ghost, novice BaCj
Lair:4 2 runed translucent doors, storma199's ghost, journeyman TrFi
Orc:1 2 transporters, Riale's ghost, adept MiFE


Innate Abilities, Weirdness & Mutations

You are immune to sickness and miasma.
You are immune to poison.
Your flesh is very heat resistant. (rF++)
You are vulnerable to cold. (rC-)
You float through the air rather than walking.
You learn spells naturally, not from books.
Your magical power is your life essence.
You have superior vitality. (+4 MHP)
You have a pair of small horns on your head.
You are clumsy. (Dex -2)
Your muscles are strong. (Str +2)


Message History

You kill the merfolk!
You hear a splash. x3
The alligator snapping turtle bites you!
There are monsters nearby!
Casting: Starburst (safe; 1% risk of failure)
Confirm with . or Enter, or press ? or * to list all spells.
Casting: Starburst (safe; 1% risk of failure)
Press: ? - help, Dir - look around, f - activate You feel a surge of power!
The bolt of fire hits the alligator snapping turtle!!
The alligator snapping turtle is heavily wounded.
The merfolk impaler hits you from afar with a +0 trident!
The alligator snapping turtle bites you!!
There are monsters nearby!
Casting: Starburst (safe; 1% risk of failure)
Confirm with . or Enter, or press ? or * to list all spells.
Casting: Starburst (safe; 1% risk of failure)
Press: ? - help, Dir - look around, f - activate You feel a surge of power!
The bolt of fire hits the alligator snapping turtle!
The alligator snapping turtle is heavily wounded.
The merfolk impaler hits you from afar with a +0 trident!!
* * * LOW HITPOINT WARNING * * *
The merfolk impaler hits you from afar with a +0 trident!
* * * LOW HITPOINT WARNING * * *
There are monsters nearby!
Casting: Starburst (safe; 1% risk of failure)
Confirm with . or Enter, or press ? or * to list all spells.
Casting: Starburst (safe; 1% risk of failure)
Press: ? - help, Dir - look around, f - activate You feel a surge of power!
The bolt of fire hits the alligator snapping turtle!!!
The alligator snapping turtle is almost dead.
You feel a bit more experienced.
* * * LOW HITPOINT WARNING * * *
The alligator snapping turtle barely misses you.
The merfolk impaler hits you from afar with a +0 trident!
* * * LOW HITPOINT WARNING * * *
The merfolk impaler hits you from afar with a +0 trident!
You die...

≈≈≈≈≈ ≈
##..#8..{{{8#.
#.## ≈≈≈≈
≈##..#. , ,{{
* ..≈ ≈ ≈≈ ≈
##†.#, , ,* #.
≈≈ ≈ ≈ ≈##†.#
≈≈≈ * , ,#. ≈
≈ ##..#, *
≈≈##≈ ≈ ≈ ≈
≈##..# * ,
≈..≈8 ≈≈≈≈ ≈≈≈
##..#. * .#..
≈ ≈≈
≈≈≈≈≈##..#. ≈≈
,≈ ## ≈ ≈≈ ≈
≈##.@#. ,≈
*,*...≈. ≈≈
≈≈≈
≈##).tm≈≈.#≈
*..#.# ≈ ≈
#....≈≈## *
*,, , ≈ ≈ ≈ ≈
#..#.§##, ,*
,,, ≈≈≈ ≈≈≈≈
#[.#.≈§#≈≈, *
, , ≈≈≈≈
#..#.#≈{≈,
,*,* , ≈≈ ≈≈≈≈
≈≈≈
#..#,.≈#≈≈, ≈,
8 ≈≈≈ ≈ #..#
.≈≈≈. ,,* ≈≈≈≈
≈ ,* ≈, ,


You could see an alligator snapping turtle and a merfolk impaler.

Vanquished Creatures
  A titan (Shoals:4)
  Polyphemus (Shoals:2)
  A reaper (IceCv)
  A stone giant (D:15)
  Nessos (Lair:5)
  A minotaur (Gauntlet)
  5 merfolk javelineers
  A fire dragon (D:14)
  7 merfolk impalers
  2 catoblepae
  4 boulder beetles
  A caustic shrike simulacrum (IceCv)
  6 hydras
  2 merfolk avatars
  An ogre mage (Orc:2)
  3 centaur warriors
  2 alligator snapping turtles
  4 merfolk aquamancers (Shoals:4)
  18 two-headed ogres
  13 death yaks
  6 tengu warriors
  Urug (D:9)
  8 sea snakes
  2 deep trolls
  2 goliath frogs
  Lodul (D:14)
  2 lindwurms (Lair:4)
  An obsidian statue (IceCv)
  A bog body (IceCv)
  2 spriggan simulacra (IceCv)
  4 orc knights
  10 ugly things
  7 harpies
  A deep elf pyromancer (D:13)
  3 oklob plants
  8 manticores
  An orc sorcerer (Orc:2)
  9 cyclopes
  6 fauns
  4 merfolk sirens
  4 black mambas
  2 gargoyles (Gauntlet)
  An orange demon (Gauntlet)
  17 cane toads
  2 water nymphs
  A rime drake (Lair:3)
  8 komodo dragons
  2 kobold demonologists
  7 freezing wraiths (IceCv)
  2 entropy weaver simulacra (IceCv)
  3 ice devils (IceCv)
  3 tengu conjurers
  An efreet (D:14)
  An anaconda simulacrum (IceCv)
  A golden dragon simulacrum (IceCv)
  4 polar bears
  17 trolls
  30 merfolk
  8 wind drakes
  3 tyrant leeches (Lair:6)
  Prince Ribbit (D:9)
  18 blink frogs
  11 slime creatures
  8 dream sheep
  Sigmund (D:4)
  16 water elementals
  A shadow (D:11)
  6 snapping turtles
  2 dire elephant simulacra (IceCv)
  4 air elementals (Shoals:4)
  3 wraiths
  2 basilisks
  Eustachio (D:4)
  4 wyverns
  32 yaks
  2 minotaur simulacra (IceCv)
  10 vampire mosquitoes
  A harpy simulacrum (IceCv)
  2 steam dragons
  2 acid dragons
  4 nagas (Lair:3)
  Edmund (D:4)
  5 wargs
  8 water moccasins
  A sky beast (D:6)
  17 orc warriors
  2 black bears
  11 wolves
  18 ogres
  6 centaurs
  A phantom (D:6)
  3 kobold brigands
  2 necrophages (D:6)
  14 bullfrogs
  3 gnoll sergeants
  2 scorpions
  3 deep troll simulacra (IceCv)
  8 wights (D:8)
  3 killer bees (D:8)
  5 howler monkeys
  6 electric eels (D:9)
  3 hounds
  An iron imp (D:6)
  19 orc priests
  Jessica (D:3)
  3 iguanas
  19 orc wizards
  Robin (D:4)
  17 gnolls
  7 adders
  3 white imps
  4 worms
  4 dart slugs
  82 orcs
  7 bats
  4 endoplasms
  4 giant cockroaches
  15 goblins
  9 hobgoblins
  3 jackals (D:3)
  3 quokkas
  15 ball pythons
  5 frilled lizards
  27 kobolds
  3 rats
780 creatures vanquished.

Vanquished Creatures (collateral kills)
  2 reapers (IceCv)
  A green death (Gauntlet)
  Fannar (Lair:3)
  An ogre mage (Orc:2)
  3 hydras
  3 two-headed ogres (Orc:2)
  A centaur warrior (D:13)
  7 death yaks
  Amaemon (Lair:2)
  A deep troll (Orc:2)
  A lindwurm (Lair:4)
  2 ugly things (Shoals:1)
  2 oklob plants
  5 black mambas
  An orange demon (Lair:2)
  3 cane toads (Lair:2)
  5 komodo dragons
  A troll (Orc:2)
  2 polar bears (Lair:5)
  A wyvern (Lair:4)
  3 basilisks
  18 yaks
  7 water moccasins
  2 orc warriors
  6 wolves
  3 ogres (Orc:2)
  A centaur (D:13)
  4 bullfrogs
  2 killer bees (D:8)
  An orc priest (D:15)
  3 orcs (Orc:2)
  4 foxfires
98 creatures vanquished.

Vanquished Creatures (others)
  A white imp (D:8)
  564 foxfires
  42 fungi
  121 plants
728 creatures vanquished.

Grand Total: 1606 creatures vanquished

Notes
Turn   | Place    | Note
-------+----------+-------------------------------------------
     0 | D:1      | enile the Djinni Fire Elementalist began the quest for the
                  | Orb.
     0 | D:1      | Reached XP level 1. HP: 15/15 MP: 0/0
    63 | D:1      | Reached skill level 1 in Fighting
   231 | D:1      | Reached XP level 2. HP: 21/22 MP: 0/0
   926 | D:2      | Reached XP level 3. HP: 22/28 MP: 0/0
   926 | D:2      | Learned a level 1 spell: Pain
  1263 | D:2      | Reached XP level 4. HP: 24/33 MP: 0/0
  1829 | D:2      | Found a faded altar of an unknown god.
  2147 | D:2      | Prayed at the altar of an unknown god.
  2147 | D:2      | Became a worshipper of Zin the Law-Giver
  2147 | D:2      | Reached * piety under Zin
  2147 | D:2      | Reached ** piety under Zin
  2262 | D:3      | Noticed Jessica
  2266 | D:3      | Killed Jessica
  2267 | D:3      | Reached XP level 5. HP: 36/38 MP: 0/0
  2267 | D:3      | Learned a level 2 spell: Call Imp
  2900 | D:3      | Found Joir Esu's Antique Weapon Boutique.
  2929 | D:3      | Bought a glowing flail for 130 gold pieces
  2969 | D:3      | Reached *** piety under Zin
  4003 | D:4      | Noticed Edmund
  4307 | D:4      | Noticed Sigmund
  4310 | D:4      | Killed Sigmund
  4311 | D:4      | Reached skill level 5 in Spellcasting
  4311 | D:4      | Reached XP level 6. HP: 40/45 MP: 0/0
  4337 | D:4      | Reached XP level 7. HP: 50/50 MP: 0/0
  4337 | D:4      | Learned a level 3 spell: Mephitic Cloud
  4593 | D:4      | Noticed Robin
  4597 | D:4      | Killed Robin
  4998 | D:4      | Noticed Eustachio
  5010 | D:4      | Killed Eustachio
  5054 | D:4      | Killed Edmund
  5427 | D:5      | Entered Level 5 of the Dungeon
  5819 | D:5      | Reached XP level 8. HP: 56/58 MP: 0/0
  5884 | D:5      | Found a runed translucent door.
  5885 | D:5      | Noticed SirDiesAlot's ghost (novice BaCj)
  6005 | D:5      | Found a staircase to the Ecumenical Temple.
  6036 | Temple   | Entered the Ecumenical Temple
  6333 | Temple   | Fell from the grace of Zin
  6333 | Temple   | Became a worshipper of Ashenzari the Shackled
  6679 | D:5      | Found a runed translucent door.
  7648 | D:6      | Reached XP level 9. HP: 62/62 MP: 0/0
  7648 | D:6      | Learned a level 3 spell: Frozen Ramparts
  7826 | D:6      | Reached skill level 5 in Fighting
  8036 | D:6      | Found a snail-covered altar of Cheibriados.
  8099 | D:6      | Reached skill level 5 in Dodging
  8185 | D:4      | Reached * piety under Ashenzari
  9683 | D:8      | Noticed a komodo dragon
  9683 | D:8      | Identified the +11 spear "Nemos" {drain, rC+}
  9693 | D:8      | Noticed a kobold demonologist
  9695 | D:8      | Noticed a hellwing
  9711 | D:8      | Noticed a tengu warrior
 10065 | D:8      | Found a flagged portal.
 10080 | Bailey   | Entered a bailey
 10133 | Bailey   | Reached XP level 10. HP: 75/75 MP: 0/0
 10185 | Bailey   | Noticed an orc knight
 10246 | Bailey   | Noticed an orc knight
 10259 | Bailey   | Killed an orc knight
 10264 | Bailey   | Killed an orc knight
 10731 | D:8      | Reached skill level 4 in Evocations
 10731 | D:8      | Reached XP level 11. HP: 85/85 MP: 0/0
 10731 | D:8      | Learned a level 4 spell: Iskenderun's Mystic Blast
 10856 | D:8      | Identified the Incunabulum of the Gravedigger
 11059 | D:9      | Noticed Prince Ribbit
 11073 | D:9      | Reached skill level 10 in Spellcasting
 11074 | D:9      | Killed Prince Ribbit
 11240 | D:9      | Reached ** piety under Ashenzari
 11411 | D:9      | Found Vetel's Magic Scroll Shoppe.
 11422 | D:9      | Reached skill level 5 in Evocations
 11473 | D:9      | Bought a scroll of immolation for 45 gold pieces
 11473 | D:9      | Bought a scroll of teleportation for 39 gold pieces
 11556 | D:9      | Noticed a five-headed hydra
 11978 | D:10     | Entered Level 10 of the Dungeon
 11991 | D:10     | Noticed Urug
 12237 | D:9      | Killed a five-headed hydra
 12238 | D:9      | Reached XP level 12. HP: 93/94 MP: 0/0
 12685 | D:9      | Killed Urug
 13159 | D:10     | Found a staircase to the Orcish Mines.
 13659 | D:11     | Noticed a two-headed ogre
 13665 | D:11     | Killed a two-headed ogre
 13801 | D:11     | Found a staircase to the Lair.
 14179 | D:11     | Noticed a seven-headed hydra
 14287 | D:11     | Noticed a two-headed ogre
 14288 | D:11     | Noticed a centaur warrior
 14431 | D:11     | Killed a centaur warrior
 14577 | D:11     | Killed a two-headed ogre
 14951 | Lair:1   | Entered Level 1 of the Lair of Beasts
 15020 | Lair:1   | Reached skill level 10 in Fighting
 15186 | Lair:1   | Identified the +4 leather armour of the Dungeon {Will+
                  | Slay+5}
 15282 | Lair:1   | Reached XP level 13. HP: 87/101 MP: 0/0
 15282 | Lair:1   | Learned a level 5 spell: Summon Mana Viper
 15282 | Lair:1   | Reached *** piety under Ashenzari
 15869 | Lair:2   | Noticed a four-headed hydra
 15878 | Lair:2   | Killed a four-headed hydra
 16020 | Lair:2   | Reached skill level 6 in Evocations
 16197 | Lair:2   | Reached skill level 7 in Evocations
 16237 | Lair:2   | Found a staircase to the Shoals.
 16635 | Lair:2   | Noticed Amaemon
 16646 | Lair:2   | Killed Amaemon
 17023 | Lair:3   | Reached skill level 10 in Dodging
 17047 | Lair:3   | Noticed a five-headed hydra
 17047 | Lair:3   | Noticed a five-headed hydra
 17056 | Lair:3   | Killed a five-headed hydra
 17070 | Lair:3   | Killed a five-headed hydra
 17169 | Lair:3   | Noticed Fannar
 17200 | Lair:3   | Killed Fannar
 17331 | Lair:3   | Found a staircase to the Snake Pit.
 17882 | Lair:3   | Reached skill level 8 in Evocations
 18060 | Lair:4   | Reached XP level 14. HP: 74/110 MP: 0/0
 18124 | Lair:4   | Reached skill level 9 in Evocations
 18268 | Lair:4   | Found the +4 robe of Folly {Brilliance Will-∞ Int+8}
 18304 | Lair:4   | Found a large runed translucent door.
 18309 | Lair:4   | Found a large runed translucent door.
 18311 | Lair:4   | Noticed storma199's ghost (journeyman TrFi)
 18348 | Lair:4   | Identified the +0 ring mail "Lucoc" {rF+}
 19712 | Lair:5   | Reached **** piety under Ashenzari
 20505 | Lair:5   | Found a staircase to the Slime Pits.
 20517 | Lair:5   | Reached XP level 15. HP: 118/122 MP: 0/0
 20517 | Lair:5   | Learned a level 6 spell: Iron Shot
 20530 | Lair:5   | Noticed Nessos
 20536 | Lair:5   | Killed Nessos
 20886 | Lair:6   | Entered Level 6 of the Lair of Beasts
 20948 | Lair:5   | Reached skill level 10 in Evocations
 21137 | Lair:6   | Identified a scroll of acquirement
 21178 | Lair:6   | Reached skill level 11 in Evocations
 21329 | Lair:6   | Identified the +2 shortbow of the Muttering Blowfly {speed,
                  | rElec rCorr Dex+4}
 22234 | Orc:1    | Entered Level 1 of the Orcish Mines
 22406 | Orc:1    | Found a transporter.
 22444 | Orc:1    | Noticed Riale's ghost (adept MiFE)
 22445 | Orc:1    | Identified the +7 great mace of the Extremes {flame, Dex+3
                  | SInv}
 22449 | Orc:1    | Found a transporter.
 22536 | Orc:2    | Entered Level 2 of the Orcish Mines
 22536 | Orc:2    | Found a staircase to the Elven Halls.
 22652 | Orc:2    | Acquired a manual of Evocations
 22705 | Orc:2    | Found Welymaim's Antique Weapon Emporium.
 22706 | Orc:2    | Found Wumuy's Weapon Boutique.
 22707 | Orc:2    | Found Coiratz's Jewellery Shop.
 22711 | Orc:2    | Found Tialeul's Armour Boutique.
 22714 | Orc:2    | Paralysed by an ogre mage for 5 turns
 22735 | Orc:2    | Reached XP level 16. HP: 67/130 MP: 0/0
 22748 | Orc:2    | Reached skill level 12 in Evocations
 22758 | Orc:2    | Found a gate leading to a gauntlet.
 22763 | Gauntlet | Entered a Gauntlet
 22763 | Gauntlet | Found a transporter.
 22763 | Gauntlet | Found a runed translucent door.
 22763 | Gauntlet | Found a runed translucent door.
 22763 | Gauntlet | Found a transporter.
 22827 | Gauntlet | Found a transporter.
 22827 | Gauntlet | Identified the +4 mace of Bur Nauppyi {vamp, rN+ Will+
                  | Str+4}
 22830 | Gauntlet | Found a transporter.
 22837 | Gauntlet | Identified the +2 pair of gloves of the Vacuum {Dex+5}
 22838 | Gauntlet | Found a transporter.
 22843 | Gauntlet | Found a transporter.
 22849 | Gauntlet | Found a transporter.
 22849 | Gauntlet | Identified the ring "Cised" {rN+ rCorr MP+9 Dex+4}
 22869 | Gauntlet | Found a transporter.
 22888 | Gauntlet | Found a transporter.
 22890 | Gauntlet | Found a transporter.
 22890 | Gauntlet | Identified the Almanac of the Escort and the Birds
 22901 | Gauntlet | Found a transporter.
 22903 | Gauntlet | Found a transporter.
 23093 | Gauntlet | Gained mutation: You are occasionally teleported next to
                  | monsters. [potion of mutation]
 23093 | Gauntlet | Gained mutation: You are somewhat resistant to further
                  | mutation. [potion of mutation]
 23094 | Gauntlet | Lost mutation: You are somewhat resistant to further
                  | mutation. [potion of mutation]
 23094 | Gauntlet | Lost mutation: You are occasionally teleported next to
                  | monsters. [potion of mutation]
 23094 | Gauntlet | Gained mutation: You have a pair of small horns on your
                  | head. [potion of mutation]
 23094 | Gauntlet | Gained mutation: Your muscles are strong. (Str +2) [potion
                  | of mutation]
 23094 | Gauntlet | Gained mutation: You are clumsy. (Dex -2) [potion of
                  | mutation]
 23340 | Gauntlet | Identified the +6 hunting sling "Tapre" {flame, rElec rN+++
                  | Will- SInv}
 23340 | Gauntlet | Identified the +8 dagger "Cuse" {flame, Str+2}
 23340 | Gauntlet | Identified the ring of Yxkyviad {Ice Fly Str-2 SInv}
 23348 | Gauntlet | Reached skill level 13 in Evocations
 23520 | Orc:2    | Bought the ring of Ohozalee {rElec Int+3 SInv Stlth+} for
                  | 419 gold pieces
 23728 | Orc:2    | Reached skill level 14 in Evocations
 25697 | D:13     | Reached skill level 15 in Evocations
 26358 | D:14     | Identified the +1 leather armour "Naenacw" {rElec rF+ Str+3
                  | Int+3}
 26463 | D:14     | Reached skill level 16 in Evocations
 26474 | D:14     | Noticed Lodul
 26490 | D:14     | Killed Lodul
 27014 | D:14     | Reached XP level 17. HP: 103/133 MP: 0/0
 27014 | D:14     | Learned a level 6 spell: Starburst
 27129 | D:14     | Found a gate to the Vaults.
 27259 | D:15     | Entered Level 15 of the Dungeon
 27725 | D:15     | Found a staircase to the Depths.
 28030 | Shoals:1 | Entered Level 1 of the Shoals
 28054 | Shoals:1 | Found a frozen archway.
 28067 | IceCv    | Entered an ice cave
 28285 | IceCv    | Reached skill level 15 in Fighting
 28398 | IceCv    | Identified the ring "Sim Vok" {Ice Will+++ Int+2 Dex+2
                  | Slay-2}
 28734 | IceCv    | Found the +4 skin of Zhor {*Englaciate rC+++ SInv}
 28782 | IceCv    | Acquired the +1 hat "Woely" {Int+3}
 29605 | Shoals:1 | Found Raorghuung's Island Escapes.
 29613 | Shoals:1 | Bought a scroll of teleportation for 45 gold pieces
 29613 | Shoals:1 | Bought a scroll of teleportation for 45 gold pieces
 29613 | Shoals:1 | Bought a scroll of teleportation for 45 gold pieces
 29613 | Shoals:1 | Bought a scroll of fog for 30 gold pieces
 30051 | Shoals:2 | Reached skill level 15 in Spellcasting
 30125 | Shoals:2 | Noticed Polyphemus
 30154 | Shoals:2 | Killed Polyphemus
 30903 | Shoals:3 | Reached XP level 18. HP: 119/149 MP: 0/0
 31076 | Shoals:3 | Reached skill level 17 in Evocations
 31736 | Shoals:4 | Entered Level 4 of the Shoals
 31750 | Shoals:4 | Paralysed by an air elemental for 1 turns
 31898 | Shoals:4 | Noticed a titan
 31902 | Shoals:4 | Identified the +9 plate armour of the Tundras {rF+ Will+
                  | Dex+5}
 31903 | Shoals:4 | Killed a titan
 32114 | Shoals:4 | Got a barnacled rune of Zot
 32257 | Shoals:4 | Found a stormy altar of Qazlal.
 32357 | Shoals:4 | HP: 4/149 [merfolk impaler/+0 trident (16)]
 32357 | Shoals:4 | Slain by a merfolk impaler

Illustrated notes

Levels and vault maps discovered:
D:1:      lemuel_arrival_behind_the_door_small, layout_rooms
D:2:      layout_loops_ring, ebering_ecumenical_altar_abandoned
D:3:      layout_loops_ring, serial_shops, nicolae_shop_overgrown_old_shop,
          chequers_serial_rivers_micro_c, uniq_jessica
D:4:      layout_loops_ring, uniq_robin, uniq_sigmund, uniq_edmund,
          uniq_eustachio
D:5:      layout_rooms, minmay_temple_entry_wispy, ebering_ghost_sewer_f
D:6:      layout_layer_cave, slow_altar_2
D:7:      layout_loops_ring
D:8:      cheibrodos_elevator_heist, layout_gridville, enter_bailey_5
D:9:      kennysheep_big_flooded_room, layout_basic, serial_shops,
          nicolae_shop_competitors_out_of_business, uniq_prince_ribbit1
D:10:     layout_rooms, hiddenorc2_lemuel, uniq_urug
D:11:     layout_basic, erik_lair_orcish_takeover
D:12:     layout_loops_ring
D:13:     layout_cave_pools
D:14:     layout_gridville, david_vaults_4, ebering_dispersal_statue_hall,
          uniq_lodul
D:15:     grunt_enter_depths_snipers, layout_rooms
Temple:   mainiacjoe_temple_circle_huts
Lair:1:   layout_regular_city, pond
Lair:2:   layout_layer_cave, elwin_shoals_entry_rocks, beast_lair_carwin_9,
          uniq_amaemon
Lair:3:   layout_cave_shapes, guppyfry_snake_entry_garden, uniq_fannar
Lair:4:   layout_regular_city, ebering_ghost_disaster_area,
          dreamdust_deal_with_the_devil, serial_bayou_lagoon_a,
          nicolae_lair_lindhole, grunt_megastairs_5
Lair:5:   layout_gridlike, minmay_slime_entry_oklob_open, beast_lair_carwin_8,
          serial_bayou_shore_a, infiniplex_staircase_pool_2, lemuel_fruit_tree,
          uniq_nessos
Lair:6:   minmay_lair_end_frog_pond, layout_regular_city
Shoals:1: layout_shoals, portal_ice_cave_entry_ugly_swarm,
          nicolae_island_escapes
Shoals:2: layout_shoals, nicolae_shoals_water_elemental_grotto, uniq_polyphemus
Shoals:3: layout_shoals, nicolae_shoals_square_sea_wall
Shoals:4: shoals_end_hellmonk_storm_palace [storm_palace_center_ruins,
          storm_palace_corner_reverse_hut, storm_palace_corner_altar,
          storm_palace_corner_grid, storm_palace_corner_altar], serial_shops
Orc:1:    layout_caves, serial_shops, shop, gammafunk_ghost_smash, mines3_lemuel
Orc:2:    st_orc_open, layout_caves, gauntlet_entry_generic

Skill      XL: |  1  2  3  4  5  6  7  8  9 10 11 12 13 14 15 16 17 18 |
---------------+-------------------------------------------------------+-----
Fighting       | 1 2 3 4 6 8 9 10 12 13 16 | 16.2
Spellcasting   | 3 5 7 8 9 10 12 14 15 16 | 16.2
Dodging        | 4 5 8 10 12 | 12.1
Stealth        | 3 4 |  4.1
Evocations     | 4 5 8 9 11 16 17 | 17.2

Action                   |  1- 3 |  4- 6 |  7- 9 | 10-12 | 13-15 | 16-18 || total
-------------------------+-------+-------+-------+-------+-------+-------++-------
Melee: Mace              |    19 |     9 |       |       |       |       ||    28
       Flail             |       |    35 |   201 |    12 |       |       ||   248
       Short sword       |       |     4 |       |       |       |       ||     4
       Punch             |       |     1 |       |       |       |       ||     1
       Quarterstaff      |       |       |       |   135 |   325 |    42 ||   502
       Headbutt          |       |       |       |       |       |    16 ||    16
Throw: Dart              |       |       |     3 |     3 |     5 |     3 ||    14
       Throwing net      |       |       |       |     2 |       |     3 ||     5
 Cast: Foxfire           |    48 |    78 |    68 |    81 |    62 |     4 ||   341
       Scorch            |     1 |    12 |    33 |    31 |     7 |       ||    84
       Inner Flame       |       |     1 |     9 |    31 |    65 |    10 ||   116
       Flame Wave        |       |     1 |       |     6 |       |       ||     7
       Mephitic Cloud    |       |       |     5 |    15 |    10 |     1 ||    31
       Call Imp          |       |       |    10 |    11 |    11 |       ||    32
       Frozen Ramparts   |       |       |     6 |     6 |     2 |       ||    14
       Iskenderun's Myst |       |       |       |    38 |     4 |     6 ||    48
       Summon Mana Viper |       |       |       |       |    75 |    20 ||    95
       Conjure Flame     |       |       |       |       |     5 |     2 ||     7
       Iron Shot         |       |       |       |       |   107 |   267 ||   374
       Starburst         |       |       |       |       |       |   131 ||   131
Invok: Curse Item        |       |       |     2 |     1 |     2 |     2 ||     7
       Shatter the Chain |       |       |       |       |       |     1 ||     1
Evoke: Wand              |       |     1 |     1 |     2 |       |     3 ||     7
       Lightning rod     |       |       |       |       |     1 |     3 ||     4
       Phantom mirror    |       |       |       |       |       |     2 ||     2
       Tin of tremorston |       |       |       |       |       |     2 ||     2
  Use: Scroll            |       |     2 |     3 |     5 |     4 |     3 ||    17
       Potion            |       |       |     3 |     3 |       |     4 ||    10
 Stab: Invisible         |       |       |     1 |       |       |       ||     1
       Sleeping          |       |       |       |     3 |     2 |       ||     5
       Distracted        |       |       |       |       |     2 |     1 ||     3
       Confused          |       |       |       |       |     2 |       ||     2
Armor: Robe              |     7 |    10 |    89 |    66 |   122 |    35 ||   329
Dodge: Dodged            |    20 |    51 |   246 |   282 |   610 |   239 ||  1448

Table legend: (Time is in decaauts)
 A = Elapsed time spent in this place.
 B = Non-inter-level travel time spent in this place.
 C = Inter-level travel time spent in this place.
 D = Time resting spent in this place.
 E = Time spent auto-exploring this place.
 F = Levels seen in this place.
 G = Mean time per level.
                   A        B        C        D        E       F      G
               +--------+--------+--------+--------+--------+-----+--------+
         Total |  32813 |  31128 |   1685 |   1996 |  22542 |  31 | 1058.5 |
       Dungeon |  18107 |  16954 |   1153 |   1494 |  12387 |  15 | 1207.1 |
        Temple |    318 |    297 |     21 |      0 |    270 |   1 |  318.0 |
          Lair |   7571 |   7329 |    242 |    429 |   5198 |   6 | 1261.8 |
        Shoals |   3352 |   3270 |     82 |      7 |   2681 |   4 |  838.0 |
  Orcish Mines |   1639 |   1453 |    186 |     15 |    988 |   2 |  819.5 |
        Bailey |    410 |    410 |      0 |      0 |    227 |   1 |  410.0 |
      Ice Cave |    803 |    803 |      0 |     51 |    487 |   1 |  803.0 |
      Gauntlet |    610 |    610 |      0 |      0 |    303 |   1 |  610.0 |
               +--------+--------+--------+--------+--------+-----+--------+

Top non-repeatable levels by time:
     D:4: 2392 daAuts
     D:6: 1930 daAuts
  Lair:5: 1709 daAuts
     D:9: 1709 daAuts
  Lair:4: 1492 daAuts
  Lair:2: 1388 daAuts
     D:3: 1359 daAuts
     D:2: 1288 daAuts
    D:11: 1200 daAuts
    D:12: 1135 daAuts
   Orc:2: 1087 daAuts
  Lair:6: 1066 daAuts
    D:10: 1025 daAuts
     D:5: 1014 daAuts
    D:14: 1003 daAuts
